 Dungeon Crawl Stone Soup version 0.30-a0-187-gd9c2deaf24 (webtiles) character file.

Game seed: 3127267552221304080

34 LnG the Caller (level 3, -1/19 HPs)
             Began as a Kobold Summoner on Oct 3, 2022.
             Slain by a worm (11 damage)
             ... on level 2 of the Dungeon.
             The game lasted 00:01:25 (1104 turns).

LnG the Caller (Kobold Summoner)                    Turns: 1104, Time: 00:01:26

Health: -1/19      AC:  2    Str:  5    XL:     3   Next: 50%
Magic:  3/6        EV: 15    Int: 18    God:
Gold:   54         SH:  0    Dex: 15    Spells: 3/6 levels left

rFire   . . .      SeeInvis .    d - +0 dagger
rCold   . . .      Faith    .    (no shield)
rNeg    . . .      Spirit   .    a - +0 robe
rPois   .          Reflect  .    (no helmet)
rElec   .          Harm     .    (no cloak)
rCorr   .          Rampage  .    (no gloves)
Will    .....                    (no boots)
Stlth   +++.......               (no amulet)
HPRegen 0.23/turn                (no ring)
MPRegen 0.10/turn                (no ring)

@: no status effects
A: small, no large weapons, nightstalker 3
a: no special abilities


You were on level 2 of the Dungeon.
You visited 1 branch of the dungeon, and saw 2 of its levels.

You collected 54 gold pieces.

Inventory:

Hand Weapons
 d - a +0 dagger (weapon)
Armour
 a - a +0 robe (worn)
Scrolls
 e - 2 scrolls of identify {unknown}
 g - a scroll of enchant armour {unknown}
Potions
 b - a potion of magic
 c - a potion of heal wounds {unknown}
 f - a potion of haste {unknown}


   Skills:
 + Level 2.7 Dodging
 + Level 3.0 Stealth
 + Level 2.4 Spellcasting
 + Level 4.7 Summonings


You had 3 spell levels left.
You knew the following spells:

 Your Spells              Type           Power      Damage    Failure   Level
a - Summon Small Mammal   Summ           76%        N/A       2%          1
b - Call Imp              Summ           19%        N/A       3%          2

Your spell library contained the following spells:

 Spells                   Type           Power      Damage    Failure   Level
 Call Canine Familiar     Summ           19%        N/A       8%          3
 Summon Guardian Golem    Hex/Summ       10%        N/A       21%         3
 Summon Lightning Spire   Summ/Air       10%        N/A       54%         4


Dungeon Overview and Level Annotations

Branches:
Dungeon (2/15)

Altars:


Innate Abilities, Weirdness & Mutations

You are small and have problems with some larger weapons.
You are completely attuned to the shadows.


Message History

a +0 whip; a kobold corpse An endoplasm comes into view.
The endoplasm quivers.
You hit the endoplasm but do no damage. The endoplasm barely misses you.
You hit the endoplasm.
The endoplasm is severely wounded.
The endoplasm hits you but does no damage.
You hit the endoplasm.
You kill the endoplasm!
No target in view!
No target in view!
A kobold comes into view. It is wielding a +0 whip.
Found a rapier.
The helpless kobold fails to defend itself.
You puncture the kobold!
You kill the kobold!
No target in view!
You see here a +0 rapier.
A worm comes into view.
Found a long glowing staff.
The helpless worm fails to defend itself.
You puncture the worm!
The worm is heavily wounded.
You hit the worm but do no damage.
The worm is heavily wounded.
The worm barely misses you.
You hit the worm but do no damage.
The worm is heavily wounded.
The worm bites you!
Ouch! That really hurt!
You are too injured to fight recklessly!
You are too injured to fight recklessly!
Casting: Call Imp (safe; 3% risk of failure)
Confirm with . or Enter, or press ? or * to list all spells.
A beastly little devil appears in a puff of flame.
Casting: Call Imp (safe; 3% risk of failure)
Confirm with . or Enter, or press ? or * to list all spells.
The worm bites you!
Ouch! That really hurt!
You die...

#..# #|.# # #..#
# #5w# . #@.# .
#..# # #r.# #.#
#..# #.. #).# #.#
#..##########.#
#.............###
#)#.#.#####.....#
#..###.# #.###.#


You could see a worm (ally target), a friendly crimson imp (summoned) and a
friendly rat (summoned).

Vanquished Creatures
  A dart slug (D:1)
  2 ball pythons (D:1)
  A bat (D:2)
  2 endoplasms
  2 giant cockroaches (D:1)
  A goblin (D:1)
  A hobgoblin (D:1)
  4 kobolds
  A quokka (D:1)
  A frilled lizard (D:2)
  A rat (D:2)
17 creatures vanquished.

Vanquished Creatures (collateral kills)
  2 dart slugs (D:2)
  An endoplasm (D:1)
  2 kobolds
  A ball python (D:1)
  A rat (D:1)
7 creatures vanquished.

Grand Total: 24 creatures vanquished

Notes
Turn   | Place    | Note
-------+----------+-------------------------------------------
     0 | D:1      | LnG the Kobold Summoner began the quest for the Orb.
     0 | D:1      | Reached XP level 1. HP: 10/10 MP: 3/3
   231 | D:1      | Reached XP level 2. HP: 15/15 MP: 5/5
   234 | D:1      | Learned a level 2 spell: Call Imp
   556 | D:1      | Reached XP level 3. HP: 19/19 MP: 6/6
  1104 | D:2      | Slain by a worm

Illustrated notes

Levels and vault maps discovered:
D:1:      dpeg_arrival_pond, layout_loops_ring
D:2:      layout_loops_ring, kennysheep_flooded_box, uniq_terence

Skill      XL: |  1  2  3 |
---------------+----------+-----
Stealth        | 3 |  3.0
Dodging        | |  2.7
Spellcasting   | |  2.4
Summonings     | |  4.7

Action                   || total
-------------------------++-------
Melee: Dagger            ||    35
       Unarmed           ||     2
       Punch             ||     1
 Cast: Summon Small Mamm ||     8
       Call Imp          ||     2
 Stab: Sleeping          ||    11
Armor: Robe              ||     6
Dodge: Dodged            ||    21

Table legend: (Time is in decaauts)
 A = Elapsed time spent in this place.
 B = Non-inter-level travel time spent in this place.
 C = Inter-level travel time spent in this place.
 D = Time resting spent in this place.
 E = Time spent auto-exploring this place.
 F = Levels seen in this place.
 G = Mean time per level.
                   A        B        C        D        E       F      G
               +--------+--------+--------+--------+--------+-----+--------+
         Total |   1103 |   1084 |     19 |      0 |    927 |   2 |  551.5 |
       Dungeon |   1103 |   1084 |     19 |      0 |    927 |   2 |  551.5 |
               +--------+--------+--------+--------+--------+-----+--------+

Top non-repeatable levels by time:
     D:1: 816 daAuts
     D:2: 286 daAuts
